Map: Terrasses de Prion

Players

Worming - Winner!

  • Race: Zerg Zerg

panier

  • Race: Zerg Zerg
  • League: Silver

VOD

Have the link to the VOD?

Description

Time

  • Played on: Nov. 11, 2015, 7:14 a.m.
  • Length: 10:07
Show
View Real Time Build Order
Export as new Build Order

Worming Zerg - Winner!

Build Orders: Hatch First, Zergling Baneling 

Get SALT Encoding   

  12  0:01  Drone  
  13  0:32  Hatchery  
  13  0:34  Drone  
  13  0:43  Overlord  
  13  0:46  Drone  
  14  1:02  Drone x2  
  16  1:11  Spawning Pool  
  15  1:14  Drone  
  16  1:19  Drone  
  17  1:49  Drone  
  17  1:50  Drone  
  17  1:52  Overlord  
  19  1:57  Queen  
  19  1:58  Queen  
  19  1:59  Zergling x2  
  19  2:01  Zergling x2  
  25  2:05  Drone  
  25  2:07  Extractor  
  25  2:13  Drone  
  25  2:15  Zergling x2  
  27  2:24  Drone  
  28  2:33  Drone  
  29  2:45  Drone x4  
  29  2:48  Hatchery  
  32  3:01  Drone x2  
  32  3:12  Drone x3, Extractor  
  34  3:15  Overlord x2  
  34  3:16  Zergling x2  
  34  3:17  Zergling x2  
  36  3:25  Metabolic Boost  
  36  3:33  Overlord  
  36  3:38  Drone x2  
  36  3:39  Zergling x8  
  42  3:42  Queen  
  42  3:43  Baneling Nest  
  42  3:46  Overlord  
  42  3:47  Zergling x4  
  40  4:11  Drone x6  
  40  4:16  Lair  
  46  4:17  Drone x7  
  53  4:35  Baneling  
  53  4:36  Baneling  
  53  4:37  Baneling x6  
  53  4:39  Drone x2  
  53  4:43  Extractor  
  53  4:45  Drone x3  
  57  4:49  Drone  
  57  4:50  Roach Warren  
  51  5:12  Drone x3  
  53  5:19  Overlord x3  
  53  5:22  Extractor  
  53  5:24  Queen  
  54  5:30  Roach x6  
  54  5:33  Pneumatized Carapace  
  66  5:35  Overlord  
  66  5:37  Roach x2  
  70  5:46  Drone x3  
  70  5:49  Roach x4  
  81  6:02  Glial Reconstitution  
  81  6:10  Drone x3  
  84  6:16  Drone x3, Extractor  
  84  6:18  Zergling x2, Hatchery  
  87  6:19  Zergling x2, Evolution Chamber x2  
  79  6:46  Roach x3  
  79  6:47  Roach x9  
  101  6:53  Zerg Missile Weapons Level 1  
  101  6:54  Zerg Ground Armor Level 1  
  97  7:04  Roach x4  
  97  7:05  Overlord x2  
  97  7:06  Overlord  
  105  7:23  Extractor  
  105  7:24  Drone x3  
  107  7:36  Overlord x2, Extractor x2  
  105  7:37  Roach  
  105  7:38  Roach x6  
  117  8:00  Drone x3  
  117  8:01  Drone x3  
  117  8:02  Overlord x4  
  117  8:03  Drone x2  
  117  8:04  Drone  
  113  8:25  Roach x7  
  113  8:26  Roach x5  
  127  8:42  Drone x2  
  127  8:43  Infestation Pit, Hydralisk Den  
  127  8:51  Hatchery  
  127  8:52  Roach x6  
  127  8:53  Roach x6  
  150  9:21  Overseer  
  150  9:24  Hydralisk  
  150  9:25  Hydralisk x10  
  172  9:51  Ravager  
  173  9:53  Ravager  
  173  9:54  Ravager  
  173  9:55  Ravager  
Show
View Real Time Build Order
Export as new Build Order

panier Zerg 

Build Orders: Hatch First 

Get SALT Encoding   

  12  0:21  Drone  
  13  0:30  Drone  
  14  0:41  Hatchery  
  13  0:43  Drone  
  14  0:55  Overlord  
  14  1:06  Spawning Pool  
  14  1:09  Drone  
  14  1:16  Drone  
  14  1:17  Drone  
  16  1:21  Drone  
  17  1:32  Drone  
  18  1:38  Extractor  
  17  1:42  Overlord  
  17  1:54  Drone x2  
  19  1:56  Queen  
  21  2:04  Drone  
  22  2:08  Queen  
  22  2:12  Drone  
  25  2:17  Drone x2  
  27  2:25  Zergling x2  
  27  2:26  Zergling x2  
  29  2:41  Overlord x2  
  29  2:44  Queen  
  32  2:51  Zergling x4  
  33  2:59  Zergling x4  
  35  3:12  Roach Warren  
  34  3:13  Drone x2, Zergling x4  
  38  3:25  Zergling x6  
  38  3:26  Zergling x2  
  42  3:43  Drone x4  
  42  3:44  Drone x2  
  48  3:51  Drone x2  
  47  4:03  Zergling x8  
  47  4:09  Zergling x6  
  52  4:25  Overlord x3  
  52  4:26  Overlord x2  
  52  4:47  Roach x5  
  52  4:49  Overlord  
  62  4:53  Overlord  
  45  5:21  Zergling x4  
  45  5:22  Zergling x8  
  51  5:36  Drone x2  
  53  5:47  Roach x2, Hatchery  
  56  5:50  Queen  
  56  5:51  Drone x3  
  56  5:55  Extractor  
  60  6:05  Roach x2  
  60  6:06  Roach x3  
  60  6:09  Drone  
  71  6:16  Drone  
  72  6:19  Roach  
  72  6:20  Roach x2  
  78  6:32  Roach  
  81  6:33  Roach x3  
  81  6:35  Drone x2  
  85  6:41  Roach  
  85  6:46  Drone x3  
  85  6:57  Queen  
  85  6:59  Extractor  
  86  7:03  Evolution Chamber  
  86  7:05  Evolution Chamber  
  84  7:14  Queen  
  86  7:27  Drone x2  
  86  7:28  Drone x13  
  101  7:46  Drone x2  
  101  7:47  Roach x5  
  103  8:01  Drone  
  103  8:02  Roach x3  
  99  8:19  Roach x2  
  81  8:27  Drone x11  
  81  8:28  Drone  
  92  8:37  Zergling x2  
  92  8:38  Zergling x4  
  95  8:42  Extractor  
  96  8:53  Drone x4  
  96  8:54  Roach x6  
  112  9:01  Extractor  
  106  9:20  Zergling x8  
  106  9:22  Overlord x3  
  106  9:23  Overlord x3  
Tags
 
Add a new tag
Caveats
  • Supply blocks, unpowered buildings, or Contaminate may cause inaccurate times.
  • Supply counts are checked every 10 seconds.